 Dungeon Sprint DCSS version 0.21-a0-91-ga5031da (webtiles) character file.

508 Kidiri the Nimble (level 7, -5/94 HPs)
             Began as a Merfolk Monk on June 30, 2017.
             Was an Elder of Wu Jian.
             Slain by Duvessa
             ... wielding a +4 short sword of draining
              (12 damage)
             ... in the Dungeon (Sprint VII: "The Pits").
             The game lasted 00:03:06 (391 turns).

Kidiri the Nimble (Merfolk Monk)                     Turns: 391, Time: 00:03:07

Health: -5/94      AC:  2    Str: 18    XL:     7   Next: 18%
Magic:  7/7        EV: 17    Int:  9    God:    Wu Jian [****..]
Gold:   0          SH:  0    Dex: 17    Spells: 6/6 levels left

rFire    . . .     SeeInvis .   a - +1 long sword (flame)
rCold    . . .     Gourm    .   (no shield)
rNeg     . . .     Faith    .   b - +0 robe
rPois    .         Spirit   .   (no helmet)
rElec    .         Reflect  .   (no cloak)
rCorr    .         Harm     .   (no gloves)
MR       .....     NoTele   +   (no boots)
Stlth    ..........             (no amulet)
HPRegen  0.25/turn              (no ring)
MPRegen  0.10/turn              (no ring)

@: berserking, very slightly contaminated, heavily drained, very quick
A: change form in water, swift swim, stealthy swim
a: Serpent's Lash, Renounce Religion


You were in the Dungeon.
You worshipped Wu Jian.
Wu Jian was greatly pleased with you.
You were hungry.

You visited 1 branch

Inventory:

Hand Weapons
 a - a +1 long sword of flaming (weapon)
Armour
 b - a +0 robe (worn)
Scrolls
 k - 3 scrolls of remove curse
 l - 5 scrolls of amnesia
 m - a scroll of summoning
Potions
 d - 6 potions of curing
 e - a potion of heal wounds
 f - a potion of haste
 g - 4 potions of magic
 h - 2 potions of berserk rage
 j - 2 potions of invisibility
Comestibles
 c - 8 bread rations
 n - 40 fruits
 o - 7 meat rations


   Skills:
 * Level 8.5(5.7) Fighting
 * Level 8.4(5.7) Long Blades
 + Level 3.4(1.1) Armour
 * Level 10.0(7.2) Dodging
 * Level 8.7(6.0) Stealth


You had 6 spell levels left.
You didn't know any spells.

Dungeon Overview and Level Annotations

Branches:
Dungeon (1/1)

Altars:
Ashenzari
Cheibriados
Dithmenos
Elyvilon
Fedhas
Gozag
Hepliaklqana
Kikubaaqudgha
Makhleb
Nemelex Xobeh
Okawaru
Qazlal
Ru
Sif Muna
Trog
Uskayaw
Vehumet
Wu Jian
Xom
Yredelemnul
Zin
The Shining One
Beogh
Jiyva
Lugonu

Annotations:
D Duvessa


Message History

Duvessa hits you with a short sword of draining!!
You feel drained.
Unknown command.
You feel less exhausted.
There is an open door here.
Duvessa completely misses you.
You spin to attack Duvessa, but your attack speed is too slow for a blow to land.
Duvessa hits you with a short sword of draining!
* * * LOW HITPOINT WARNING * * *
You feel drained.
* * * LOW HITPOINT WARNING * * *
Unknown command.
A red film seems to cover your vision as you go berserk!
You feel yourself moving faster!
You feel mighty!
Duvessa hits you with a short sword of draining!
* * * LOW HITPOINT WARNING * * *
You feel drained.
* * * LOW HITPOINT WARNING * * *
Duvessa hits you with a short sword of draining!
You die...

############
#_________.#
#_________.#
#_______...#######
##########+##.....
#.?(.+)))+.##.....
##########.##.....
#@.....(....'.....
#e#####+#####.....
#.#...#)#..##.....
#h#...#)#))#####+#
#.#...+.#))##.....
#.##+####))##.....
#.#.....#[[##.....
#.#)....#+###...<.
#.#......).##.....


You could see Duvessa (berserk) and a black bear.

Vanquished Creatures
  A hungry ghost (D)
  A floating eye (D)
  An ogre (D)
  A bullfrog (D)
  Dowan (D)
  A hound (D)
  A gnoll (D)
  2 river rats (D)
  An ufetubus (D)
  An orc (D)
  A goblin (D)
  A hobgoblin (D)
  A kobold (D)
14 creatures vanquished.

Notes
Turn   | Place    | Note
-------+----------+-------------------------------------------
     0 | D        | Kidiri the Merfolk Monk began the quest for the Orb.
     0 | D        | Reached XP level 1. HP: 18/18 MP: 1/1
    18 | D        | Noticed a floating eye
    24 | D        | Killed a floating eye
    24 | D        | Reached skill level 5 in Fighting
    24 | D        | Reached skill level 5 in Long Blades
    24 | D        | Reached skill level 1 in Armour
    24 | D        | Reached skill level 6 in Dodging
    24 | D        | Reached skill level 5 in Stealth
    24 | D        | Reached XP level 2. HP: 27/27 MP: 2/2
    24 | D        | Reached XP level 3. HP: 33/33 MP: 3/3
    24 | D        | Reached XP level 4. HP: 39/39 MP: 4/4
    58 | D        | Found a bloodstained altar of Trog.
    58 | D        | Found a deep blue altar of Sif Muna.
    58 | D        | Found a viscous altar of Jiyva.
    58 | D        | Found a hazy altar of Hepliaklqana.
    58 | D        | Found an opulent altar of Gozag.
    59 | D        | Found a glowing golden altar of the Shining One.
    59 | D        | Found a glowing silver altar of Zin.
    59 | D        | Found a basalt altar of Yredelemnul.
    59 | D        | Found a shimmering altar of Xom.
    59 | D        | Found an ornate altar of the Wu Jian Council.
    59 | D        | Found a sacrificial altar of Ru.
    59 | D        | Found a stormy altar of Qazlal.
    59 | D        | Found an iron altar of Okawaru.
    59 | D        | Found a sparkling altar of Nemelex Xobeh.
    59 | D        | Found a burning altar of Makhleb.
    59 | D        | Found a blossoming altar of Fedhas.
    59 | D        | Found a white marble altar of Elyvilon.
    59 | D        | Found a shadowy altar of Dithmenos.
    59 | D        | Found a snail-covered altar of Cheibriados.
    61 | D        | Found a radiant altar of Vehumet.
    61 | D        | Found a corrupted altar of Lugonu.
    61 | D        | Found a roughly hewn altar of Beogh.
    62 | D        | Found a hide-covered altar of Uskayaw.
    62 | D        | Found an ancient bone altar of Kikubaaqudgha.
    62 | D        | Found a shattered altar of Ashenzari.
    68 | D        | Became a worshipper of the Wu Jian Council
    68 | D        | Reached * piety under Wu Jian
    68 | D        | Reached ** piety under Wu Jian
   108 | D        | Reached *** piety under Wu Jian
   113 | D        | Reached skill level 7 in Dodging
   113 | D        | Reached XP level 5. HP: 40/46 MP: 5/5
   357 | D        | Noticed a black bear
   358 | D        | Noticed a hungry ghost
   358 | D        | Noticed an ogre
   358 | D        | Noticed Duvessa
   361 | D        | Noticed Dowan
   366 | D        | Reached **** piety under Wu Jian
   366 | D        | Reached skill level 8 in Dodging
   370 | D        | Killed a hungry ghost
   370 | D        | Reached skill level 9 in Dodging
   370 | D        | Reached XP level 6. HP: 31/56 MP: 6/6
   372 | D        | Reached XP level 7. HP: 26/63 MP: 7/7
   377 | D        | Killed Dowan
   377 | D        | Reached skill level 10 in Dodging
   380 | D        | HP: 1/63 [Duvessa/short sword of draining (5)]
   391 | D        | Slain by Duvessa

Vault maps used:
D:        pitsprint

Skill      XL: |  1  2  3  4  5  6  7 |
---------------+----------------------+-----
Fighting       | 5 7 8 |  8.5
Long Blades    | 5 7 8 |  8.4
Armour         | 1 2 3 |  3.4
Dodging        | 6 7 9 10 | 10.0
Stealth        | 5 7 8 |  8.7

Action                   |  1- 3 |  4- 6 |  7- 9 || total
-------------------------+-------+-------+-------++-------
Melee: Falchion          |     4 |    21 |       ||    25
       Long sword        |       |    24 |    13 ||    37
Invok: Serpent's Lash    |       |       |     1 ||     1
  Use: Potion            |       |       |     6 ||     6
       Scroll            |       |       |     1 ||     1
 Stab: Sleeping          |       |     4 |       ||     4
Armor: Robe              |       |     1 |     2 ||     3
Dodge: Dodged            |       |    36 |    15 ||    51
       Rpst.: Falchion   |       |     5 |       ||     5
       Long sword        |       |     7 |     1 ||     8
